 Dungeon Crawl Stone Soup version 0.20.0-15-g7f486f2 (webtiles) character file.

102 JeffiDaFish the Firebug (level 4, -1/39 HPs)
             Began as a Draconian Fire Elementalist on June 21, 2017.
             Slain by Natasha (6 damage)
             ... on level 3 of the Dungeon.
             The game lasted 00:06:21 (1682 turns).

JeffiDaFish the Firebug (DrFE)                      Turns: 1682, Time: 00:06:22

Health: -1/39      AC:  5    Str: 11    XL:     4   Next: 50%
Magic:  2/8        EV: 13    Int: 15    God:
Gold:   101        SH:  0    Dex: 14    Spells: 2/8 levels left

rFire    . . .     SeeInvis .   h - +0 mace
rCold    . . .     Gourm    .   (no shield)
rNeg     . . .     Faith    .   (armour unavailable)
rPois    .         Spirit   .   (helmet restricted)
rElec    .         Reflect  .   (no cloak)
rCorr    .         Harm     .   (no gloves)
MR       .....                  (no boots)
Stlth    ++........             (no amulet)
Regen    0.2/turn               (no ring)
MPRegen  0.2/turn               (no ring)

@: very slightly contaminated
A: unfitting armour, agile 1, robust 2, cold-blooded, subdued magic 1, AC +5
a: no special abilities


You were on level 3 of the Dungeon.
You were hungry.

You visited 1 branch of the dungeon, and saw 3 of its levels.

You collected 101 gold pieces.

Inventory:

Hand Weapons
 h - a +0 mace (weapon)
Scrolls
 e - a scroll of fog
 i - a scroll of identify
Potions
 d - 2 potions of agility
 g - a potion of cancellation
 j - a potion of heal wounds
Books
 a - a book of Flames

   Spells                             Type                      Level
   a - Flame Tongue                   Conjuration/Fire             1
   b - Throw Flame                    Conjuration/Fire             2
   c - Conjure Flame                  Conjuration/Fire             3
   d - Inner Flame                    Hexes/Fire                   3
   e - Sticky Flame                   Conjuration/Fire             4
   f - Fireball                       Conjuration/Fire             5
Comestibles
 b - 2 bread rations
 c - 8 chunks of flesh
 f - a royal jelly


   Skills:
 + Level 0.2 Fighting
 + Level 0.8 Maces & Flails
 + Level 2.4 Dodging
 + Level 2.0 Stealth
 + Level 0.2 Unarmed Combat
 + Level 2.7 Spellcasting
 + Level 1.4 Conjurations
 + Level 4.0 Fire Magic


You had 2 spell levels left.
You knew the following spells:

 Your Spells              Type           Power        Failure   Level  Hunger
a - Flame Tongue          Conj/Fire      #....        5%          1    #......
b - Throw Flame           Conj/Fire      #.....       9%          2    ##.....
c - Inner Flame           Hex/Fire       #.......     22%         3    ###....


Dungeon Overview and Level Annotations

Branches:
Dungeon (3/15)

Altars:

Annotations:
D:3 Natasha


Innate Abilities, Weirdness & Mutations

Your plain brown scales are hard. (AC +5)
You cannot fit into any form of body armour.
You are cold-blooded and may be slowed by cold attacks.
You are agile. (Dex +2)
You are very robust. (+20% HP)
Your spells are a little easier to cast, but a little less powerful.


Message History

Robin says, "My army is invincible!"
Robin hits you with a club.
Natasha mumbles some strange words.
Robin barely misses you.
You hit Robin. You tail-slap Robin.
You kill Robin!
Your Fire Magic skill increases to level 4!
Natasha closely misses you.
You closely miss Natasha. Natasha claws you.
You barely miss Natasha.
Natasha mumbles some strange words.
Natasha barely misses you.
You closely miss Natasha. Natasha claws you! The white imp hits you.
The white imp freezes you.
You hit Natasha but do no damage. Natasha claws you! The white imp hits you.
* * * LOW HITPOINT WARNING * * *
The white imp freezes you.
* * * LOW HITPOINT WARNING * * *
You barely miss Natasha. Natasha claws you.
You die...

####### #### #...... .?...
#...... ..... #......#
......
#......##########......
#...(...5@h55...#......#
##......########........#
........#### #.........
#.........## #.#.....)###
#.......#..####.#!........
##.........<...g..........
#................##......
#.................#......
##.........[!..(.........


You could see Natasha, a crimson imp and 2 white imps.

Vanquished Creatures
  Robin (D:3)
  An adder (D:2)
  2 oozes
  2 worms
  A dart slug (D:1)
  4 leopard geckos
  2 orcs (D:3)
  4 giant cockroaches
  12 goblins
  8 hobgoblins
  6 kobolds
  2 quokkas
  A ball python (D:2)
  4 bats
  2 frilled lizards
  5 rats
57 creatures vanquished.

Notes
Turn   | Place    | Note
-------+----------+-------------------------------------------
     0 | D:1      | JeffiDaFish the Draconian Fire Elementalist began the quest for the Orb.
     0 | D:1      | Reached XP level 1. HP: 14/14 MP: 3/3
   144 | D:1      | Reached XP level 2. HP: 18/20 MP: 3/5
   170 | D:1      | Learned a level 2 spell: Throw Flame
   624 | D:1      | Reached XP level 3. HP: 26/26 MP: 4/6
   629 | D:1      | Learned a level 3 spell: Inner Flame
   681 | D:1      | You fall through a shaft!
  1285 | D:2      | Gained mutation: You are robust. (+10% HP) [potion of mutation]
  1285 | D:2      | Gained mutation: You are very robust. (+20% HP) [potion of mutation]
  1285 | D:2      | Gained mutation: Your spells are a little easier to cast, but a little less powerful. [potion of mutation]
  1285 | D:2      | Gained mutation: You are agile. (Dex +2) [potion of mutation]
  1433 | D:3      | Reached XP level 4. HP: 39/39 MP: 0/7
  1531 | D:3      | Noticed Robin
  1663 | D:3      | Noticed Natasha
  1677 | D:3      | Killed Robin
  1677 | D:3      | Reached skill level 4 in Fire Magic
  1682 | D:3      | Slain by Natasha

Skill      XL: |  1  2  3  4 |
---------------+-------------+-----
Dodging        | 2 |  2.4
Stealth        | 2 |  2.0
Fire Magic     | 4 |  4.0
Fighting       | |  0.2
Maces & Flails | |  0.8
Unarmed Combat | |  0.2
Spellcasting   | |  2.7
Conjurations   | |  1.4

Action                   |  1- 3 |  4- 6 || total
-------------------------+-------+-------++-------
Melee: Unarmed           |    18 |       ||    18
       Tailslap          |     5 |     4 ||     9
       Mace              |    31 |    49 ||    80
 Cast: Flame Tongue      |    37 |    15 ||    52
       Throw Flame       |    13 |     4 ||    17
  Use: Potion            |     6 |     1 ||     7
       Scroll            |     3 |     1 ||     4
  Eat: Chunk             |     3 |     1 ||     4
Armor: Skin              |    20 |    13 ||    33
Dodge: Dodged            |    40 |    40 ||    80
